 Dungeon Crawl Stone Soup version 0.18.1-5-g4a78601 (webtiles) character file.

1155 dvd the Geomancer (level 8, -1/64 HPs)
             Began as a Deep Dwarf Earth Elementalist on May 11, 2016.
             Was a Follower of Elyvilon.
             Slain by a wight
             ... wielding a cursed +3 long sword
              (6 damage)
             ... on level 6 of the Dungeon.
             The game lasted 00:18:32 (4740 turns).

dvd the Geomancer (Deep Dwarf Earth Elementalist)   Turns: 4740, Time: 00:18:34

Health: -1/64      AC:  2    Str: 11    XL:     8   Next: 16%
Magic:  9/15       EV: 14    Int: 19    God:    Elyvilon [*.....]
Gold:   368        SH:  2    Dex: 15    Spells: 2 memorised, 12 levels left

rFire  . . .     SeeInvis .     b - 70 stones
rCold  . . .     Gourm    .     e - +0 robe
rNeg   . . .     Faith    .     (no shield)
rPois  .         Spirit   .     (helmet restricted)
rElec  .         Dismiss  .     (no cloak)
rCorr  .         Reflect  +     (no gloves)
SustAt +         Harm     .     (no boots)
MR     +....     Clarity  +     m - +2 amulet of reflection
Stlth  ++........               x - ring of sustain attributes
                                n - +2 ring of dexterity

@: very slightly contaminated, non-regenerating, drained, somewhat resistant to
hostile enchantments, unstealthy
A: damage resistance, recharge devices, horns 1, clarity, sense surroundings 1,
screaming 1, slow regeneration 3
a: Device Recharging, Lesser Healing, Divine Protection, Renounce Religion


You were on level 6 of the Dungeon.
You worshipped Elyvilon.
Elyvilon was aware of your devotion.
You were not hungry.

You visited 1 branch of the dungeon, and saw 6 of its levels.

You collected 368 gold pieces.

Inventory:

Hand Weapons
 a - a +2 hand axe of chopping
 g - a +0 spear
 l - a +0 whip
 r - a +0 flail
 s - a +0 broad axe
 u - a +2 rapier of electrocution
 y - the +6 lajatang "Viheg" {slice, Int+2}
   (You found it on level 5 of the Dungeon)

   It inflicts extra damage upon your enemies.
   It affects your intelligence (+2).
Missiles
 b - 70 stones (in hand)
 k - 7 javelins of penetration
Armour
 e - a +0 robe (worn)
 q - a +0 buckler
Jewellery
 m - a +2 amulet of reflection (around neck)
 n - a +2 ring of dexterity (left hand)
 x - a ring of sustain attributes (right hand)
 B - an uncursed amulet of magic regeneration {unknown}
Wands
 d - a wand of heal wounds (3/9)
 o - a wand of disintegration (11/24)
 p - a wand of paralysis (13/24)
 A - a wand of lightning (8/15)
Scrolls
 j - a scroll of teleportation
 w - a scroll of blinking
Potions
 i - a potion of invisibility
 t - a potion of agility
 v - a potion of brilliance
Books
 c - a book of Geomancy

   Spells                             Type                      Level
   a - Sandblast                      Earth                        1
   b - Passwall                       Transmutation/Earth          2
   c - Stone Arrow                    Conjuration/Earth            3
   d - Petrify                        Transmutation/Earth          4
   e - Lee's Rapid Deconstruction     Earth                        5
Comestibles
 f - 6 bread rations
 h - 5 meat rations
 z - a chunk of flesh


   Skills:
 + Level 1.5(0.8) Fighting
 + Level 1.0(0.4) Axes
 + Level 0.2(0.1) Maces & Flails
 + Level 0.5(0.0) Staves
 + Level 4.8(4.0) Dodging
 + Level 3.6(2.9) Stealth
 + Level 0.9(0.2) Shields
 + Level 4.8(4.0) Spellcasting
 + Level 1.1(0.4) Conjurations
   Level 0.8(0.1) Transmutations
 + Level 8.3(7.4) Earth Magic
 + Level 0.6(0.0) Evocations


You had 12 spell levels left.
You knew the following spells:

 Your Spells              Type           Power        Failure   Level  Hunger
a - Sandblast             Erth           ####..       1%          1    None
b - Stone Arrow           Conj/Erth      ###...       12%         3    ###....


Dungeon Overview and Level Annotations

Branches:
Dungeon (6/15)
 Temple: D:4-7

Altars:
Ashenzari
Cheibriados
Elyvilon
Trog
Yredelemnul
Zin

Shops:
D:6 =


Innate Abilities, Weirdness & Mutations

You are resistant to damage.
You can recharge devices by infusing magical energy.
You passively map a small area around you.
You do not regenerate naturally.
You have a pair of small horns on your head.
You possess an exceptional clarity of mind.
You occasionally shout uncontrollably at your foes.


Message History

Aiming: Sandblast
Press: ? - help, Shift-Dir - straight line, f/p - wight
Aim: a wight, wielding an enchanted long sword and wearing a robe The rocky blast hits the wight.
The wight is lightly damaged.
The wight hits you from afar with an enchanted halberd!
You feel drained. The wight barely misses you.
Casting: Sandblast
Confirm with . or Enter, or press ? or * to list all spells.
Aiming: Sandblast
Press: ? - help, Shift-Dir - straight line, f/p - wight
Aim: a wight, wielding an enchanted long sword and wearing a robe (lightly damaged)
The rocky blast hits the wight.
The wight is almost destroyed.
The wight hits you from afar with an enchanted halberd!
* * * LOW HITPOINT WARNING * * *
You feel drained. Elyvilon protects you from harm!
The wight hits you with an enchanted long sword!
You die...

###########
#.@.).....#
#z#######.# #z
#.# * * #. #.#
#. #.# , #.
#####.#######*
#.
#............
#.
#.###.#######
* ,* #. #.#
#.#


You could see 2 wights.

Vanquished Creatures
  Eustachio (D:4)
  A sky beast (D:5)
  The ghost of Shenda the Changer, an amateur DrTm (D:3)
  An ogre (D:5)
  A centaur (D:5)
  A scorpion (D:4)
  A wight (D:6)
  A giant frog zombie (D:5)
  An orc wizard (D:4)
  3 orc priests
  2 iguanas (D:4)
  3 giant frog skeletons
  A worker ant (D:6)
  2 hound skeletons
  A worker ant zombie (D:4)
  6 adders
  7 gnolls
  3 shadow imps
  An ooze (D:2)
  A worm (D:4)
  3 dart slugs
  3 giant geckos
  13 orcs
  A ball python (D:5)
  7 bats
  6 giant cockroaches
  6 goblins (D:1)
  7 hobgoblins
  5 jackals
  11 kobolds
  A quokka (D:5)
  A giant gecko skeleton (D:4)
  5 giant newts
  5 rats
113 creatures vanquished.

Notes
Turn   | Place    | Note
--------------------------------------------------------------
     0 | D:1      | dvd the Deep Dwarf Earth Elementalist began the quest for the Orb.
     0 | D:1      | Reached XP level 1. HP: 15/15 MP: 3/3
   219 | D:1      | Reached XP level 2. HP: 16/22 MP: 1/4
   272 | D:1      | Found a shattered altar of Ashenzari.
   663 | D:1      | Reached XP level 3. HP: 10/28 MP: 3/6
   668 | D:1      | Learned a level 3 spell: Stone Arrow
  1167 | D:2      | Found a basalt altar of Yredelemnul.
  1172 | D:2      | Reached skill level 5 in Earth Magic
  1243 | D:2      | Reached XP level 4. HP: 36/36 MP: 4/8
  2054 | D:3      | Reached XP level 5. HP: 35/42 MP: 0/9
  2153 | D:3      | Noticed Shenda's ghost (amateur DrTm)
  2200 | D:3      | Gained mutation: You occasionally shout uncontrollably at your foes. [potion of mutation]
  2200 | D:3      | Gained mutation: You possess an exceptional clarity of mind. [potion of mutation]
  2200 | D:3      | Gained mutation: You have a pair of small horns on your head. [potion of mutation]
  2201 | D:3      | Killed Shenda's ghost
  2566 | D:3      | Reached skill level 6 in Earth Magic
  2568 | D:3      | Reached XP level 6. HP: 26/50 MP: 6/11
  2860 | D:3      | Found a bloodstained altar of Trog.
  2861 | D:3      | Found a shattered altar of Ashenzari.
  2985 | D:4      | Found a snail-covered altar of Cheibriados.
  3030 | D:4      | Found a glowing silver altar of Zin.
  3031 | D:4      | Noticed an angel
  3163 | D:4      | Found a white marble altar of Elyvilon.
  3171 | D:4      | Became a worshipper of Elyvilon the Healer
  3324 | D:4      | Noticed Eustachio
  3330 | D:4      | Killed Eustachio
  3330 | D:4      | Reached skill level 1 in Fighting
  3330 | D:4      | Reached skill level 7 in Earth Magic
  3330 | D:4      | Reached XP level 7. HP: 32/57 MP: 6/13
  3824 | D:5      | Entered Level 5 of the Dungeon
  3842 | D:5      | Got a fine lajatang
  3843 | D:5      | Identified the +6 lajatang "Viheg" {slice, Int+2} (You found it on level 5 of the Dungeon)
  3963 | D:5      | Reached skill level 1 in Conjurations
  4062 | D:5      | Reached skill level 1 in Axes
  4096 | D:5      | Reached skill level 8 in Earth Magic
  4096 | D:5      | Reached XP level 8. HP: 21/64 MP: 5/15
  4635 | D:6      | Found Nuggumo's Jewellery Emporium.
  4665 | D:6      | Reached * piety under Elyvilon
  4740 | D:6      | Elyvilon protects you from harm!
  4740 | D:6      | Slain by a wight

Skill      XL: |  1  2  3  4  5  6  7 |
---------------+----------------------+-----
Spellcasting   | 2 3 4 |  4.8
Earth Magic    | 5 6 7 8 |  8.3
Dodging        | 3 4 |  4.8
Stealth        | 3 |  3.6
Fighting       | 1 |  1.5
Conjurations   | 1 |  1.1
Axes           | 1 |  1.0
Maces & Flails | |  0.2
Staves         | |  0.5
Shields        | |  0.9
Transmutations | |  0.8
Evocations     | |  0.6

Action                   |  1- 3 |  4- 6 |  7- 9 || total
-------------------------+-------+-------+-------++-------
Melee: Unarmed           |    14 |       |       ||    14
       Whip              |    20 |    24 |       ||    44
       Flail             |       |    12 |       ||    12
       Hand axe          |       |    13 |    23 ||    36
       Lajatang          |       |       |    22 ||    22
       Headbutt          |       |       |     4 ||     4
 Cast: Sandblast         |    50 |    83 |    24 ||   157
       Stone Arrow       |       |    12 |    15 ||    27
Evoke: Wand              |     1 |     2 |     2 ||     5
  Use: Potion            |     3 |     5 |     1 ||     9
       Scroll            |     2 |     4 |     3 ||     9
 Stab: Sleeping          |     5 |     1 |     1 ||     7
  Eat: Chunk             |     2 |     8 |     5 ||    15
Armor: Robe              |    19 |     9 |     3 ||    31
Dodge: Dodged            |    36 |    60 |    48 ||   144
Block: Other             |       |     7 |     1 ||     8
